AoeStats
← VastStarling392

MegaRandom

505707322Analyzed
2v2 RM · 22d ago on Sep 10, 2026· 65m 14s· 4 players
Game mode
Random Map
Map size
Medium (4 player)
Population
200
Speed
Normal
Resources
Standard
Victory
Conquest
Starting age
Dark Age
Ending age
Imperial Age
RankedLock teamsTeams togetherTeam positionsShared explorationLock speedFull tech treeHidden civsTurbo modeCheats
Victory
Defeat
🇨🇿 Khmer · Czechia
858
+13
🇺🇸 Celts · United States
735
+19
🇷🇴 Byzantines · Romania
799
-16
🇷🇴 Magyars · Romania
790
-16
szokeherceg
9:05 Loom
11:20 Feudal Age
12:33 Double-Bit Axe
16:24 Horse Collar
25:01 Castle Age
26:05 Bow Saw
27:02 Bloodlines
26:46 Fletching
29:42 Stone Mining
31:13 Bodkin Arrow
31:57 Gold Mining
34:40 Corvinian Army
40:34 Imperial Age
40:51 Scale Barding Armor
52:26 Recurve Bow
52:54 Thumb Ring
52:59 Bracer
54:06 Parthian Tactics
55:10 Elite Magyar Huszar
rAd1caL.^
3:41 Loom
10:53 Feudal Age
12:52 Horse Collar
17:34 Wheelbarrow
23:13 Castle Age
21:48 Forging
21:42 Scale Mail Armor
22:32 Double-Bit Axe
23:51 Pikeman
24:32 Squires
24:39 Husbandry
27:07 Bow Saw
27:56 Elite Skirmisher
28:49 Scale Barding Armor
28:35 Fletching
29:21 Iron Casting
32:06 Murder Holes
32:31 Ballistics
32:11 Bodkin Arrow
32:37 Chain Barding Armor
32:19 Padded Archer Armor
38:28 Imperial Age
38:41 Halberdier
40:41 Chain Mail Armor
42:22 Chemistry
41:32 Cavalier
46:18 Conscription
46:42 Redemption
46:49 Block Printing
47:05 Illumination
47:03 Sanctity
49:23 Paladin
50:36 Heavy Camel Rider
50:38 Light Cavalry
55:42 Bombard Tower
56:08 Greek Fire
56:54 Elite Cataphract
58:23 Hoardings
61:05 Plate Barding Armor
62:29 Hussar
whiteboytroy82
15:07 Feudal Age
16:24 Double-Bit Axe
16:02 Man-at-Arms
21:25 Forging
21:17 Scale Mail Armor
26:50 Castle Age
25:41 Gold Mining
25:42 Stone Mining
26:30 Fletching
27:47 Bow Saw
27:57 Pikeman
32:36 Wheelbarrow
32:25 Murder Holes
32:22 Guard Tower
35:03 Gold Shaft Mining
35:04 Stone Shaft Mining
37:20 Husbandry
40:16 Imperial Age
38:40 Ballistics
39:47 Caravan
41:47 Iron Casting
41:08 Bodkin Arrow
41:38 Heavy Scorpion
43:24 Chemistry
44:37 Fortified Wall
47:01 Elite Woad Raider
49:30 Elite Skirmisher
51:08 Halberdier
56:47 Siege Engineers
57:27 Gambesons
59:32 Blast Furnace
58:49 Chain Mail Armor
61:47 Arson
VastStarling392
9:46 Feudal Age
11:28 Double-Bit Axe
12:22 Wheelbarrow
13:27 Bloodlines
13:52 Horse Collar
17:48 Forging
18:59 Scale Barding Armor
19:25 Loom
24:38 Castle Age
24:18 Gold Mining
24:19 Stone Mining
25:25 Light Cavalry
26:23 Bow Saw
26:38 Heavy Plow
30:44 Iron Casting
32:49 Gold Shaft Mining
32:56 Town Watch
38:38 Imperial Age
36:33 Ballistics
37:10 Fletching
37:39 Hand Cart
38:21 Pikeman
39:49 Halberdier
46:24 Bodkin Arrow
47:29 Blast Furnace
46:30 Scale Mail Armor
47:28 Caravan
47:57 Fortified Wall
47:59 Careening
47:54 Siege Engineers
48:00 Masonry
47:49 Murder Holes
48:52 Cavalier
51:49 Husbandry
52:52 Heavy Scorpion
58:36 Double Crossbow
59:07 Chain Mail Armor
Connection lost

Rejoining the realm…

Still unreachable

The connection could not be restored.

Session expired

The server has moved on; the page needs a fresh start.